Cogmind - Beta 16 @@@ ROGUE MODE // 2025.11.04 @ 07:40:24 Player: Demo Result: Destroyed by QT-8WJ(j) with Overtuned Pulse Rifle Performance ------------- Evolutions (0) 0 Regions Visited (4) 800 Robots Destroyed (36) 180 Value Destroyed (609) 609 Prototype IDs (10) 200 Alien Tech Used (0) 0 Bonus (800) 800 TOTAL SCORE: 2589 Bonus ------- Registered with UFD 300 Met Optimus in HQ 500 Cogmind --------- Core Integrity 0/250 Matter 250/300 Energy 100/100 System Corruption 0% Temperature Cool (89) Movement Rolling (130) Ox2 Location -7/Scraptown Parts ------- > --- POWER (1) -------- (None) > --- PROPULSION (2) --- Compact Wheel > --- UTILITY (2) ------ High-capacity Storage Unit Tech Extrapolator > --- WEAPON (2) ------- Grenade Launcher Grenade Launcher > --- INVENTORY (20) --- MA-1KR's Cyclogen Compact Wheel Compact Wheel Scrap Suit Vampiric Humpback Deep Structural Scanner Surveybot 17 Chip Makeshift Salvage Targeting Computer Makeshift Salvage Targeting Computer Advanced Targeting Computer Advanced Targeting Computer Weapon Cycler A0-MCA's Component Scanner Mapping Drone Bay (3/3) Autobeam Light Cannon Light Cannon Companion Sword Peak State ------------ > --- POWER ------------ Ion Engine > --- PROPULSION ------- Compact Wheel Compact Wheel > --- UTILITY ---------- High-capacity Storage Unit Tech Extrapolator > --- WEAPON ----------- Light Cannon Light Cannon > --- INVENTORY -------- MA-1KR's Cyclogen Compact Wheel Compact Wheel Vampiric Humpback Deep Structural Scanner Surveybot 17 Chip Advanced Targeting Computer Advanced Targeting Computer Weapon Cycler Authchip [Weapon] Authchip [Weapon] A0-MCA's Component Scanner Mapping Drone Bay Autobeam Heavy Laser Light Cannon Grenade Launcher Grenade Launcher Companion Sword [Rating: 19] Favorites ----------- Power Ion Engine Engine Ion Engine Propulsion Compact Wheel Treads Light Treads Wheel Compact Wheel Utility Tractor Beam Device Tractor Beam Storage High-capacity Storage Unit Processor Machine Analyzer Weapon Light Cannon Energy Gun Autobeam Ballistic Cannon Light Cannon Launcher Grenade Launcher Impact Weapon Hammer Slashing Weapon Companion Sword Build | -11 -10 -10 -7 -7 ------- Run | Yrd Mat Sub Rec Scr Slots Evolved . | . . . . . Power . | . . . . . Propulsion . | . . . . . Utility . | . . . . . Weapon . | . . . . . Parts Attached 21 | 2 7 5 3 4 Power 1 | . 1 . . . Engine 1 | . 1 . . . Core . | . . . . . Reactor . | . . . . . Propulsion 4 | 2 . . 2 . Treads 2 | 2 . . . . Leg . | . . . . . Wheel 2 | . . . 2 . Hover . | . . . . . Flight . | . . . . . Utility 7 | . 3 1 1 2 Device 3 | . 1 1 . 1 Storage 2 | . 1 . 1 . Processor 2 | . 1 . . 1 Hackware . | . . . . . Protection . | . . . . . Artifact . | . . . . . Weapon 9 | . 3 4 . 2 Energy Gun 1 | . . 1 . . Energy Cannon . | . . . . . Ballistic Gun . | . . . . . Ballistic Cannon 4 | . 1 2 . 1 Launcher 2 | . 1 1 . . Special Weapon . | . . . . . Impact Weapon 1 | . 1 . . . Slashing Weapon 1 | . . . . 1 Piercing Weapon . | . . . . . Special Melee Weapon . | . . . . . Unidentified Prototypes 1 | . . . . 1 Parts Lost 3 | . . 1 . 2 Power 1 | . . . . 1 Propulsion 1 | . . . . 1 Utility 1 | . . 1 . . Weapon . | . . . . . Highest Loss Streak 2 | . . 1 . 2 To Critical Strikes . | . . . . . Average Backups 15 | . 8 10 16 17 Power . | . . . 1 . Propulsion 1 | . . . 1 2 Utility 6 | . 3 2 6 7 Weapon 6 | . 4 8 8 7 Tool/Special . | . . . . . Unused Backups 31 | . 2 . 5 24 Power 2 | . . . . 2 Propulsion 3 | . . . . 3 Utility 16 | . 2 . . 14 Weapon 10 | . . . 5 5 Tool/Special . | . . . . . Average Slot Usage (%) 96 | . 88 84 100 99 Engine 13 | . 10 10 14 13 Treads 8 | . 28 26 15 . Wheel 19 | . . . 12 28 Device 11 | . 5 9 14 13 Storage 13 | . 13 12 14 13 Processor 1 | . 7 . . . Ballistic Cannon 23 | . 5 22 28 27 Launcher 1 | . 4 . . . Impact Weapon 2 | . 10 2 . . Peak Build Rating 19 | 2 10 8 11 19 Average Rating 10 | 1 7 6 10 11 On Entrance 5 | . 2 8 8 11 Avg Prop Armor Cover (%) 38 | 41 41 30 . . Naked Turns 3 | . . 3 . . Heaviest Build 52 | . 31 32 52 52 Greatest Support 40 | 3 40 40 40 32 Greatest Overweight (x) 1 | . . 1 1 1 Average Overweight (x) . | . . . . . Largest Inventory Capacity 20 | 5 15 15 20 20 Average Capacity 17 | 5 14 14 17 19 Most Carried 20 | . 14 15 20 20 Average Carried 15 | . 8 10 16 18 Final Capacity 20 | 5 15 15 20 20 Final Carried 20 | . 11 13 20 20 Class Distribution -------------------- 100% | Mutant Dominant Class ---------------- Mutant | -10/Materials Mutant | -10/Subcaves Mutant | -7/Recycling Mutant | -7/Scraptown Resources | -11 -10 -10 -7 -7 ----------- Run | Yrd Mat Sub Rec Scr Matter Collected 1215 | 142 508 246 201 118 Remotely 716 | . 247 236 201 32 Salvage Created 1006 | . 400 64 426 116 Parts 58 | . 26 10 16 6 Haulers Intercepted 1 | . 1 . . . Recyclers Shooed 2 | . . . 2 . Parts Field Recycled . | . . . . . Retrieved Matter . | . . . . . Parts Self-Destructed 9 | . . 9 . . Prevented . | . . . . . Parts Restored . | . . . . . Kills | -11 -10 -10 -7 -7 ------- Run | Yrd Mat Sub Rec Scr Combat Hostiles Destroyed 14 | . 7 5 . 2 Cannons 5 | . . 5 . . AOE 9 | . 7 . . 2 Classes Destroyed 12 | . 8 3 . 1 Worker 6 | . 6 . . . Builder 3 | . 2 . 1 . Tunneler 1 | . 1 . . . Hauler 1 | . 1 . . . Recycler 7 | . 1 . 6 . Mechanic 1 | . 1 . . . Turret 1 | . . 1 . . Watcher 2 | . 2 . . . Swarmer 4 | . . 4 . . Grunt 7 | . 7 . . . Subdweller 1 | . . 1 . . Scrapper 2 | . . . . 2 Best Kill Streak 7 | . 7 4 3 2 Combat Bots Only 4 | . 3 4 . 2 Max Kills in Single Turn 2 | . 2 1 1 2 Gunslinging . | . . . . . Exploded 2 | . 2 . . 2 Melee . | . . . . . Uniques/NPCs Destroyed . | . . . . . Combat | -11 -10 -10 -7 -7 -------- Run | Yrd Mat Sub Rec Scr Hostile Shots Fired 94 | . 14 51 . 29 Missed 25 | . 5 12 . 8 Hits 69 | . 9 39 . 21 Projectile 69 | . 9 39 . 21 Critical Strikes 1 | . . . . 1 Damage Taken 900 | . 155 349 . 396 Core 253 | . 46 77 . 130 Absorbed by Shields . | . . . . . Core Remaining (%) 100 | 100 . . . . Volleys Fired 77 | . 34 22 14 7 Largest 2 | . 1 2 2 2 Hottest 60 | . 30 60 60 60 Shots Fired 117 | . 34 44 28 11 Gun . | . . . . . Cannon 97 | . 18 44 28 7 Launcher 20 | . 16 . . 4 Special . | . . . . . Kinetic 97 | . 18 44 28 7 Thermal . | . . . . . Explosive 20 | . 16 . . 4 Electromagnetic . | . . . . . Robot Hit Streak 9 | . 7 9 5 3 Robot Miss Streak 7 | . 1 7 4 1 Penetration Max . | . . . . . Secondary Targets . | . . . . . Shots Hit Robots 55 | . 19 19 14 3 Core Hits 59 | . 28 8 7 16 Critical Kills . | . . . . . Critical Parts Destroyed 1 | . 1 . . . Critical Strikes 3 | . 2 . 1 . Blast 2 | . 1 . 1 . Smash 1 | . 1 . . . Melee Attacks 5 | . 4 1 . . Impact 5 | . 4 1 . . Slashing . | . . . . . Piercing . | . . . . . Sneak Attacks . | . . . . . Combat Hostiles . | . . . . . Follow-up Attacks . | . . . . . Damage Inflicted 2188 | . 1118 320 250 500 Guns . | . . . . . Cannons 820 | . 199 320 250 51 Explosions 1344 | . 895 . . 449 Melee 18 | . 18 . . . Ramming 6 | . 6 . . . Kinetic 820 | . 199 320 250 51 Thermal . | . . . . . Explosive 1344 | . 895 . . 449 Electromagnetic . | . . . . . Impact 18 | . 18 . . . Slashing . | . . . . . Piercing . | . . . . . Highest Corruption . | . . . . . Average Corruption . | . . . . . Corruption Purged . | . . . . . Corruption Blocked . | . . . . . Overload Shots . | . . . . . Overflow Damage 20 | . 20 . . . Projectiles . | . . . . . Explosions 2 | . 2 . . . Melee 18 | . 18 . . . Knockbacks 7 | . 1 4 2 . Impact 1 | . 1 . . . Kinetic 6 | . . 4 2 . Secondary . | . . . . . Self-Inflicted Damage . | . . . . . Shots . | . . . . . Rammed 2 | . 2 . . . Targets Rammed 3 | . 3 . . . Kicked . | . . . . . Crushed 1 | . 1 . . . Highest Temperature 82 | . 5 . . 82 Average Temperature 26 | . 4 . . 36 Received Heat Transfer 298 | . 57 48 . 193 Siege Activations . | . . . . . Martial Activations . | . . . . . Shielding Activations . | . . . . . Robots Disrupted . | . . . . . Combat Hostiles . | . . . . . Robots Corrupted 1 | . 1 . . . Combat Hostiles . | . . . . . Parts Fried 1 | . 1 . . . Impact Corruptions 1 | . 1 . . . Robots Melted . | . . . . . Combat Hostiles . | . . . . . Parts Melted 2 | . . . . 2 Heat Transferred . | . . . . . Parts Sabotaged . | . . . . . Parts Stolen . | . . . . . Parts Stripped . | . . . . . Power Chain Reactions . | . . . . . Alert | -11 -10 -10 -7 -7 ------- Run | Yrd Mat Sub Rec Scr Maximum Alert Level . | . . . . . Low Security (%) 100 | 100 100 . 100 . Level 1 . | . . . . . Level 2 . | . . . . . Level 3 . | . . . . . Level 4 . | . . . . . Level 5 . | . . . . . High Security . | . . . . . Max Security . | . . . . . Peak Influence 181 | . 181 . 96 . Initial 36 | . . . 36 . Average 70 | . 103 . 27 . Influence Increases 617 | . 351 140 126 . Destroy 0b10 Robot/C 240 | . 140 100 . . Destroy 0b10 Robot/NC 105 | . 70 . 35 . Destroy Leader 46 | . 36 10 . . Successful Hack 7 | . 7 . . . Select Force Hacks 90 | . . . 90 . Disable Machine 30 | . 30 . . . Destroy Structure 69 | . 68 . 1 . Lose Combat Pursuer 30 | . . 30 . . Influence Decreases 617 | . 281 134 202 . Entered New Map 74 | . . 34 40 . Time Decay 533 | . 281 90 162 . Lost Part 10 | . . 10 . . Squads Dispatched 1 | . 1 . . . Investigation 1 | . 1 . . . Extermination . | . . . . . Reinforcement . | . . . . . Assault . | . . . . . Garrison . | . . . . . Intercept . | . . . . . Searches Triggered . | . . . . . Construction Impeded . | . . . . . Haulers Reinforced . | . . . . . Active Scanning Responses . | . . . . . Cargo Convoy Interrupts . | . . . . . Stealth | -11 -10 -10 -7 -7 --------- Run | Yrd Mat Sub Rec Scr Distress Signals 1 | . 1 . . . Communications Jammed . | . . . . . Distress Signals . | . . . . . Times Spotted 41 | . 16 10 . 15 Peak Tracking Total 11 | . 5 6 . 11 Tactical Retreats 3 | . 2 1 . . Traps | -11 -10 -10 -7 -7 ------- Run | Yrd Mat Sub Rec Scr Traps Triggered 1 | . 1 . . . Indirectly . | . . . . . Trap Hack Attempts . | . . . . . Triggered . | . . . . . Disarmed . | . . . . . Reprogrammed . | . . . . . Reused . | . . . . . Traps Extracted . | . . . . . Installed . | . . . . . Triggered . | . . . . . Machines | -11 -10 -10 -7 -7 ---------- Run | Yrd Mat Sub Rec Scr Machines Disabled 6 | . 2 2 . 2 Max in Single Turn 1 | . 1 1 . 1 Machines Repaired . | . . . . . Machines Dismantled . | . . . . . Machines Sabotaged . | . . . . . Overloaded Fab Kills . | . . . . . Hacking | -11 -10 -10 -7 -7 --------- Run | Yrd Mat Sub Rec Scr Machines Accessed 11 | . 2 . 4 5 Terminals 2 | . 2 . . . Fabricators . | . . . . . Repair Stations . | . . . . . Recycling Units 4 | . . . 4 . Scanalyzers . | . . . . . Garrison Access . | . . . . . Total Hacks 40 | . 6 . 7 27 Successful 34 | . 4 . 3 27 Failed 6 | . 2 . 4 . Catastrophic 1 | . . . 1 . Database Lockouts . | . . . . . Manual 12 | . 4 . 8 . Terminals 6 | . 6 . . . Fabricators . | . . . . . Repair Stations . | . . . . . Recycling Units 7 | . . . 7 . Scanalyzers . | . . . . . Garrison Access . | . . . . . Terminal Hacks 28 | . 1 . . 27 Record 19 | . . . . 19 Robot Analysis 7 | . 1 . . 6 Open Door 1 | . . . . 1 Proto ID Catalog 1 | . . . . 1 Fabricator Hacks . | . . . . . Repair Station Hacks . | . . . . . Recycling Unit Hacks . | . . . . . Scanalyzer . | . . . . . Garrison Access Hacks . | . . . . . Unauthorized Hacks 6 | . 3 . 3 . Terminals 3 | . 3 . . . Track 1 | . 1 . . . Botnet 1 | . 1 . . . Detonate 1 | . 1 . . . Fabricators . | . . . . . Repair Stations . | . . . . . Recycling Units 3 | . . . 3 . Tunnel 3 | . . . 3 . Scanalyzers . | . . . . . Garrison Access . | . . . . . Data Cores Recovered . | . . . . . Used . | . . . . . Hacking Detections 2 | . 1 . 1 . Full Trace Events 1 | . . . 1 . Feedback Events . | . . . . . Feedback Blocked . | . . . . . Robot Schematics Acquired . | . . . . . Robots Built . | . . . . . Authchips . | . . . . . Time . | . . . . . Total Robot Build Rating . | . . . . . Part Schematics Acquired 1 | . . . . 1 Parts Built . | . . . . . Authchips . | . . . . . Time . | . . . . . Total Part Build Rating . | . . . . . Part Studies Acquired . | . . . . . Parts Repaired . | . . . . . Time . | . . . . . Parts Recycled . | . . . . . Recycled Matter . | . . . . . Retrieved Matter . | . . . . . Retrieved Components . | . . . . . Parts Scanalyzed . | . . . . . Part Schematics Acquired . | . . . . . Parts Damaged . | . . . . . Bothacking | -11 -10 -10 -7 -7 ------------ Run | Yrd Mat Sub Rec Scr Used RIF Installer . | . . . . . Robots Hacked . | . . . . . Non-combat . | . . . . . Combat . | . . . . . Robot Hacks Applied . | . . . . . Relay Couplers Released . | . . . . . Fabnet Peak Effective % . | . . . . . Robots Rewired . | . . . . . Allies Hacked . | . . . . . Hacks Repelled . | . . . . . Allies | -11 -10 -10 -7 -7 -------- Run | Yrd Mat Sub Rec Scr Total Allies . | . . . . . Largest Group . | . . . . . Highest-Rated Group . | . . . . . Highest-Rated Ally . | . . . . . Total Orders . | . . . . . Ally Attacks . | . . . . . Total Damage . | . . . . . Kills . | . . . . . Allies Corrupted . | . . . . . Allies Melted 2 | . . . . 2 Intel | -11 -10 -10 -7 -7 ------- Run | Yrd Mat Sub Rec Scr Active Infowar (turns) 413 | . 407 . . 6 Structural 6 | . . . . 6 Machine Analysis 407 | . 407 . . . Robot Analysis Total 7 | . 1 . . 6 Derelict Logs Recovered 4 | . . 2 . 2 Drone Launches . | . . . . . Drone Recoveries . | . . . . . Exploration | -11 -10 -10 -7 -7 ------------- Run | Yrd Mat Sub Rec Scr Turns Passed 3852 | 13 723 194 525 2397 Spaces Moved 2546 | 20 382 67 329 1748 Core 39 | 20 7 12 . . Treads 588 | . 375 55 158 . Legs . | . . . . . Wheels 1919 | . . . 171 1748 Hover . | . . . . . Flight . | . . . . . Fastest Speed 50 | 50 50 50 115 100 Average Speed 124 | 50 157 145 140 113 Slowest Speed 240 | 50 160 160 240 115 Overloaded Moves . | . . . . . Propulsion Burnouts . | . . . . . Robots Hopped . | . . . . . Potential Cave-ins . | . . . . . Cave-ins Triggered . | . . . . . Exploration Rate (%) 40 | 4 61 5 41 89 Regions Visited 4 Branch Regions 3 Pre-discovered Areas 6 | . . . 3 3 Known Exits Taken 1 | . . 1 . . Unknown Exits Taken 3 | 1 1 . 1 . Scrap Searched 7 | . . . . 7 Spaces Dug 11 | . 11 . . . Terrain Destroyed 79 | . 75 . . 4 Melee 1 | . 1 . . . Projectile . | . . . . . AOE 78 | . 74 . . 4 Terrain Rammed . | . . . . . Walls Destroyed . | . . . . . Machines Disabled . | . . . . . Actions | -11 -10 -10 -7 -7 --------- Run | Yrd Mat Sub Rec Scr Total 3121 | 21 458 113 371 2158 Wait 344 | . 9 . . 335 Move 2542 | 19 381 66 328 1748 Hop . | . . . . . Pick Up 70 | . 15 10 16 29 Fast Attach 14 | 2 4 6 . 2 Attach 6 | . 3 3 . . Detach 2 | . 1 1 . . Swap 15 | . 1 4 3 7 Drop 43 | . 3 . 10 30 Fire 77 | . 34 22 14 7 Melee 5 | . 4 1 . . Ram . | . . . . . Kick . | . . . . . Crush 3 | . 3 . . . Escape Stasis . | . . . . . Rewire . | . . . . . Trap . | . . . . . Miscellaneous . | . . . . . Route ------- -11/Scrapyard -10/Materials (discovered 3 exits: [*Mat x2] / [*Sub]) -10/Subcaves (discovered 2 exits: [*Mat] / *Rec) -7/Recycling -7/Scraptown (discovered 2 exits: *Fac x2) History --------- Turn | Location | Event 6 | -11/Scrapyard | Discovered new exit (range 14) 14 | -11/Scrapyard | Entered Materials 227 | -10/Materials | Discovered new exit (range 15) 304 | -10/Materials | Build established: Mutant 434 | -10/Materials | Discovered new exit (range 10) 514 | -10/Materials | Derelicts attacked the area 719 | -10/Materials | Discovered new exit (range 12) 737 | -10/Materials | Entered Subcaves 738 | -10/Subcaves | Approached by a straggling Scientist 744 | -10/Subcaves | Discovered new exit (range 9) 754 | -10/Subcaves | Identified exit to Recycling 756 | -10/Subcaves | Learned Materials stockpile data 815 | -10/Subcaves | Ambushed by angry Subdweller bent on revenge 857 | -10/Subcaves | Released all parts (7) 931 | -10/Subcaves | Entered Recycling 1428 | -7/Recycling | Scanned before Scraplab entrance 1444 | -7/Recycling | Entered Scraplab 1453 | -7/Recycling | Discovered new exit (range 2) 1456 | -7/Recycling | Entered Scraptown 1613 | -7/Scraptown | Visited Bundlers 1685 | -7/Scraptown | Visited Red Mages 1732 | -7/Scraptown | Visited CPS Storage 1910 | -7/Scraptown | Visited UFD Registry 1910 | -7/Scraptown | Registered with UFD as "Microdisc" 1923 | -7/Scraptown | Visited Cyclists 1936 | -7/Scraptown | Entered Cyclist Reading Room 1998 | -7/Scraptown | Visited Shadow of the Wyrm 2008 | -7/Scraptown | Visited IN-MT5's Study 2230 | -7/Scraptown | Scanned Subdweller tech in exchange for log data 2237 | -7/Scraptown | Learned 12 Factory zone layouts 2252 | -7/Scraptown | Discovered new exit (range 11) 2464 | -7/Scraptown | Visited Abandonware Association 2475 | -7/Scraptown | Learned abandonware demo "POISON.EXE" 2503 | -7/Scraptown | Visited Observation Area 2522 | -7/Scraptown | Visited Derelict Rescue Squad 2540 | -7/Scraptown | Visited Cartography Club 2582 | -7/Scraptown | Found Surveybot 17 Chip 2734 | -7/Scraptown | Found Deep Structural Scanner 2744 | -7/Scraptown | Learned location of Zion (-7) 2744 | -7/Scraptown | Learned location of Cetus (-5) 2744 | -7/Scraptown | Learned location of Armory (-4) 2744 | -7/Scraptown | Learned 4 Access zone layouts 2744 | -7/Scraptown | Learned 12 Lower Caves zone layouts 2744 | -7/Scraptown | Learned 8 Upper Caves zone layouts 2744 | -7/Scraptown | Learned 4 Hub_04(d) zone layouts 2744 | -7/Scraptown | Learned Factory emergency access door positions 2744 | -7/Scraptown | Learned 4 Armory zone layouts 2744 | -7/Scraptown | Learned location of 3 exits from Factory 2744 | -7/Scraptown | Learned location of 1 exit from Lower Caves 2744 | -7/Scraptown | Learned location of 1 exit from Upper Caves 2858 | -7/Scraptown | Visited A0-MCA Data Center 2866 | -7/Scraptown | Given a B+ rating by A0-MCA 2876 | -7/Scraptown | Found A0-MCA's Component Scanner 3022 | -7/Scraptown | Visited Research Penetration Think Tank 3048 | -7/Scraptown | Visited Curators Association 3085 | -7/Scraptown | Visited Science Guys 3169 | -7/Scraptown | Visited Sword Containment 3185 | -7/Scraptown | Found Prototype Slashing Weapon 3186 | -7/Scraptown | Identified Companion Sword 3218 | -7/Scraptown | Visited Analyses Database 3322 | -7/Scraptown | Met Optimus 3322 | -7/Scraptown | Accepted into 0bPrime 3722 | -7/Scraptown | Civil war broke out across Scraptown 3736 | -7/Scraptown | Found Vmp. Humpback 3748 | -7/Scraptown | Found MA-1KR's Cyclogen 3767 | -7/Scraptown | Lost 5 allies 3777 | -7/Scraptown | Found Scrap Suit 3796 | -7/Scraptown | Identified exit to Factory 3849 | -7/Scraptown | Core integrity fell below 50% 3851 | -7/Scraptown | Lost 3 allies 3851 | -7/Scraptown | Core integrity fell below 20% 3853 | -7/Scraptown | Destroyed by QT-8WJ(j) with Overtuned Pulse Rifle Last Messages --------------- 03821_ Acquired Mak. Salvage Targeting Computer. 03824_ Acquired 16 matter. 03830_ KE-4EA(j) cannibalizes Corrupted Ovr. Titanium Leg to repair Ovr. Titanium Leg. 03832_ KE-4EA(j) cannibalizes Corrupted Lgt. Deuterium Engine to repair Lgt. Deuterium Engine. 03839_ Tech Extrapolator generates new schematic "Mak. Coolant Network". Influences: Adv. Cooling System, Heat Sink, Imp. Heat Sink. 03846_ Penetrated by Bolt. 03849_ Ion Engine destroyed. 03850_ Machine disabled. 03850_ Critical hit (Burn: +50). 03851_ Com. Wheel destroyed. 03852_ Penetrated by Bolt. 03853_ Mak. Microdissipator Network melted. 03853_ Mak. Salvage Targeting Computer melted. 03853_ ME-MVY(j) destroyed. 03853_ A5-IFB(j) destroyed. Map ----- +----------------------------------------------------+ | ?????????????????????????????????????????????????? | | ?????????????????????????????????????????????????? | | ?????????????????????????????????????????????????? | | ??????????????????????????????????????????????